 Dungeon Crawl Stone Soup version 0.22-a0-608-g8a62e23 (webtiles) character file.

482 sking99 the Insei (level 6, 0/52 HPs)
             Began as a Draconian Transmuter on July 9, 2018.
             Killed by nerve-wracking pain
             ... invoked by an orc priest
              (12 damage)
             ... on level 3 of the Dungeon.
             The game lasted 00:07:12 (5137 turns).

sking99 the Insei (Draconian Transmuter)            Turns: 5137, Time: 00:07:13

Health: 0/52       AC:  6    Str: 12    XL:     6   Next: 87%
Magic:  6/9        EV: 12    Int: 14    God:
Gold:   216        SH:  0    Dex: 13    Spells: 6/9 levels left

rFire    . . .     SeeInvis .     - Unarmed
rCold    . . .     Gourm    .   (no shield)
rNeg     . . .     Faith    .   (armour unavailable)
rPois    .         Spirit   .   (helmet restricted)
rElec    .         Reflect  .   (no cloak)
rCorr    .         Harm     .   (no gloves)
MR       .....                  (no boots)
Stlth    +.........             (no amulet)
HPRegen  0.17/turn              (no ring)
MPRegen  0.11/turn              (no ring)

@: lethally poisoned (0 -> -5), appendage
A: unfitting armour, horns 2, cold-blooded, AC +6
a: End Transformation


You were on level 3 of the Dungeon.
You were not hungry.
You had grown temporary horns.
You visited 1 branch of the dungeon, and saw 3 of its levels.

You collected 216 gold pieces.

Inventory:

Missiles
 a - 17 arrows (quivered)
Jewellery
 g - an uncursed ring of resist corrosion {unknown}
 h - an uncursed amulet of the gourmand {unknown}
Wands
 n - a wand of flame (17)
Scrolls
 b - 2 scrolls of random uselessness {unknown}
 d - 3 scrolls of teleportation {unknown}
 f - 3 scrolls of remove curse {unknown}
Potions
 e - a potion of magic {unknown}
 i - a potion of curing {unknown}
 j - a potion of degeneration {unknown}
 k - a potion of lignification {unknown}
 l - 2 potions of might {unknown}
Comestibles
 c - 8 rations
 m - a chunk of flesh


   Skills:
 + Level 3.9 Fighting
 - Level 1.7 Dodging
 * Level 5.9 Unarmed Combat
 - Level 2.0 Spellcasting
 + Level 4.0 Transmutations


You had 6 spell levels left.
You knew the following spells:

 Your Spells              Type           Power        Failure   Level  Hunger
a - Beastly Appendage     Tmut           ##....       4%          1    ##.....
b - Sticks to Snakes      Tmut           ##......     7%          2    ###....

Your spell library contained the following spells:

 Spells                   Type           Power        Failure   Level  Hunger
 Spider Form              Tmut/Pois      #.........   30%         3    ####...
 Blade Hands              Tmut           ##........   77%         5    ######.
 Ice Form                 Ice/Tmut       #.......     71%         4    #####..


Dungeon Overview and Level Annotations

Branches:
Dungeon (3/15)

Altars:


Innate Abilities, Weirdness & Mutations

Your plain brown scales are hard. (AC +6)
You cannot fit into any form of body armour.
You are cold-blooded and may be slowed by cold attacks.
You have a pair of horns on your head.


Message History

The orc priest is almost dead.
Something barely misses you.
The orc priest hits you but does no damage.
Your ball python bites the orc priest.
The orc priest dies!
Your life force feels restored.
Your ball python looks stronger.
The orc priest mumbles some strange prayers to Beogh against you.
You barely resist.
You hit the orc priest but do no damage.
Your headbutt misses the orc priest.
You tail-slap the orc priest, but do no damage.
Your ball python closely misses the orc priest.
Your ball python barely misses the orc priest.
Something hits you.
* * * LOW HITPOINT WARNING * * *
You are poisoned.
The orc priest mumbles some strange prayers to Beogh against you.
Pain shoots through your body!
You die...

............####.......#..
.........#.#<#.#.......'..
.........#.#.#.#.......#..
...............##.....##..
.........#+#.#.###...###..
..##.##........# ##### #..
.. #.##......#####...###..
#...........##.....##..
####.S@.....#.......#÷.
#.†o.....#.....).)).
#........#.......#..
..........##.....##..
....#####.####...###..
#.... .# ##### #.# #....
.. #.. ..... . #.. #..


You could see an orc priest and a friendly ball python.

Vanquished Creatures
  Sigmund (D:3)
  A howler monkey (D:3)
  A hound (D:3)
  2 orc priests (D:3)
  Robin (D:3)
  3 gnolls
  6 adders
  4 worms (D:2)
  A dart slug (D:1)
  4 leopard geckos
  4 orcs
  2 bats (D:2)
  18 goblins
  9 hobgoblins
  2 quokkas
  7 frilled lizards
  3 kobolds (D:1)
  7 rats
76 creatures vanquished.

Vanquished Creatures (collateral kills)
  An orc priest (D:3)
  Terence (D:3)
  A gnoll (D:2)
  2 adders
5 creatures vanquished.

Grand Total: 81 creatures vanquished

Notes
Turn   | Place    | Note
-------+----------+-------------------------------------------
     0 | D:1      | sking99 the Draconian Transmuter began the quest for the Orb.
     0 | D:1      | Reached XP level 1. HP: 16/16 MP: 3/3
   331 | D:1      | Reached XP level 2. HP: 9/23 MP: 5/5
  1126 | D:2      | Reached XP level 3. HP: 28/29 MP: 6/6
  1856 | D:1      | Learned a level 2 spell: Sticks to Snakes
  2078 | D:2      | Reached skill level 4 in Unarmed Combat
  2108 | D:2      | Reached XP level 4. HP: 25/36 MP: 7/7
  3102 | D:3      | Noticed Robin
  3194 | D:2      | Reached XP level 5. HP: 21/42 MP: 8/8
  3552 | D:3      | Killed Robin
  3701 | D:3      | Noticed Sigmund
  3929 | D:3      | Noticed Terence
  3933 | D:3      | Reached skill level 5 in Unarmed Combat
  3946 | D:3      | HP: 2/45 [Terence/mace of draining (2)]
  3949 | D:3      | Killed Terence
  3953 | D:3      | HP: 1/45 [poisoned by an adder]
  4226 | D:3      | Reached XP level 6. HP: 42/51 MP: 9/9
  5058 | D:3      | Killed Sigmund
  5137 | D:3      | Killed from afar by an orc priest

Vault maps used:
D:1:      dpeg_arrival_chambers_temple_mockup
D:2:      first_ration
D:3:      kennysheep_six_static_rooms, uniq_robin, uniq_terence, uniq_sigmund

Skill      XL: |  1  2  3  4  5  6 |
---------------+-------------------+-----
Fighting       | 2 3 |  3.9
Unarmed Combat | 4 5 |  5.9
Transmutations | 3 4 |  4.0
Dodging        | |  1.7
Spellcasting   | |  2.0

Action                   |  1- 3 |  4- 6 || total
-------------------------+-------+-------++-------
Melee: Unarmed           |   136 |   234 ||   370
       Tailslap          |    12 |    24 ||    36
       Punch             |     2 |     2 ||     4
       Kick              |     3 |     7 ||    10
       Headbutt          |       |     4 ||     4
 Cast: Beastly Appendage |     3 |     8 ||    11
       Sticks to Snakes  |     1 |    12 ||    13
 Stab: Distracted        |       |     2 ||     2
  Eat: Chunk             |     4 |    11 ||    15
Armor: Skin              |    34 |    59 ||    93
Dodge: Dodged            |    76 |   155 ||   231

Table legend:
 A = Spawn XP
 B = Non-spawn XP
 C = Spawn XP percentage of total XP
 D = Spawn monster count
 E = Non-spawn monster count
 F = Spawn count percentage of total count
 G = Total turns spent on level
                    A         B        C        D         E        F      G
               +---------+---------+-------+---------+---------+-------+---------
         Total |       0 |     689 |   0.0 |       0 |      81 |   0.0 |  5137
               +---------+---------+-------+---------+---------+-------+---------
           D:1 |       0 |      47 |   0.0 |       0 |      21 |   0.0 |  1596
           D:2 |       0 |     155 |   0.0 |       0 |      36 |   0.0 |  1932
           D:3 |       0 |     487 |   0.0 |       0 |      24 |   0.0 |  1609
               +---------+---------+-------+---------+---------+-------+---------
